 Dungeon Crawl Stone Soup version 0.30-a0-2-gf48d83f5e2 (webtiles) character file.

Game seed: 7841532370978071474

649 brrrryyyyyynnnn the Reanimator (level 7, -8/46 HPs)
             Began as a Demonspawn Necromancer on Aug 19, 2022.
             Mangled by Pikel
             ... wielding a +2 whip of electrocution
              (11 damage)
             ... on level 4 of the Dungeon.
             The game lasted 00:11:07 (5238 turns).

brrrryyyyyynnnn the Reanimator (DsNe)               Turns: 5238, Time: 00:11:07

Health: -8/46      AC:  5    Str:  9    XL:     7   Next: 28%
Magic:  8/14       EV: 12    Int: 18    God:
Gold:   202        SH:  0    Dex: 13    Spells: 7/15 levels left

rFire   . . .      SeeInvis .    j - +1 dagger (drain)
rCold   + . .      Faith    .    (no shield)
rNeg    . . .      Spirit   .    a - +0 robe
rPois   .          Reflect  .    (no helmet)
rElec   .          Harm     .    (no cloak)
rCorr   .          Rampage  .    i - +0 pair of gloves
Will    .....                    (no boots)
Stlth   ++........               (no amulet)
HPRegen 0.15/turn                v - ring of protection from cold
MPRegen 0.14/turn                (no ring)

@: no status effects
A: thin metallic scales 1, spiny 1
a: no special abilities


You were on level 4 of the Dungeon.
You visited 1 branch of the dungeon, and saw 5 of its levels.

You collected 202 gold pieces.

Inventory:

Hand Weapons
 c - a +0 club
 f - a +0 dagger
 j - a +1 dagger of draining (weapon)
Armour
 a - a +0 robe (worn)
 i - a +0 pair of gloves (worn)
 u - a +0 leather armour of poison resistance
Jewellery
 t - a ring of fire
 v - a ring of protection from cold (left hand)
 y - a ring of see invisible
Scrolls
 e - 2 scrolls of vulnerability {unknown}
 k - 2 scrolls of noise {unknown}
 l - 3 scrolls of enchant armour {unknown}
 n - 2 scrolls of identify {unknown}
 o - 2 scrolls of amnesia {unknown}
 q - a scroll of poison {unknown}
 s - a scroll of teleportation {unknown}
 w - a scroll of immolation {unknown}
Potions
 b - a potion of magic
 d - a potion of mutation {unknown}
 g - a potion of heal wounds {unknown}
 h - 2 potions of curing {unknown}
 m - 4 potions of lignification {unknown}
 p - a potion of attraction {unknown}
 r - 2 potions of cancellation {unknown}
 x - a potion of invisibility {unknown}
 z - a potion of haste
 A - a potion of degeneration {unknown}


   Skills:
 - Level 1.7 Dodging
 - Level 1.7 Stealth
 + Level 4.9 Spellcasting
 * Level 8.1 Necromancy


You had 7 spell levels left.
You knew the following spells:

 Your Spells              Type           Power      Damage    Failure   Level
a - Necrotise             Necr           100%       1d9       1%          1
b - Vampiric Draining     Necr           33%        2d8       1%          3
c - Animate Dead          Necr           33%        N/A       4%          4

Your spell library contained the following spells:

 Spells                   Type           Power      Damage    Failure   Level
 Agony                    Necr           33%        N/A       13%         5
 Ensorcelled Hibernation  Hex/Ice        8%         N/A       21%         2
 Passwall                 Tmut/Erth      3%         N/A       21%         2
 Swiftness                Air            4%         N/A       38%         3


Dungeon Overview and Level Annotations

Branches:
Dungeon (5/15)
 Temple: D:4-7

Altars:
Hepliaklqana
Trog

Shops:
D:1 ([   D:2 :

Annotations:
D:4 Pikel
D:5 Edmund


Innate Abilities, Weirdness & Mutations

You are partially covered in thin metallic scales. (AC +2)
You are partially covered in sharp spines.


Message History

You climb upwards.
Reactivating autopickup.
There is a stone staircase leading down, spattered with blood here.
You hit Pikel.
Pikel is lightly wounded.
Pikel hits you with a +2 whip of electrocution!
You hit Pikel but do no damage. You drain Pikel.
Pikel is lightly wounded.
Pikel hits you with a +2 whip of electrocution.
You are electrocuted!
You hit Pikel but do no damage. You drain Pikel.
Pikel is moderately wounded.
Pikel hits you with a +2 whip of electrocution.
You are electrocuted!
* * * LOW HITPOINT WARNING * * *
Casting: Necrotise (safe; 1% risk of failure)
Confirm with . or Enter, or press ? or * to list all spells.
Aiming: Necrotise (safe; 1% risk of failure)
Press: ? - help, Shift-Dir - straight line, f - Pikel
Aim: Pikel, wielding a +2 whip of electrocution and wearing a +0 robe (moderately wounded, lightly drained, chance to affect: 87%)
Okay, then.
Casting: Necrotise (safe; 1% risk of failure)
Confirm with . or Enter, or press ? or * to list all spells.
Aiming: Vampiric Draining (safe; 1% risk of failure)
Press: ? - help, Shift-Dir - straight line, f - Pikel
Aim: Pikel, wielding a +2 whip of electrocution and wearing a +0 robe (moderately wounded, lightly drained)
You draw life force from Pikel!
You feel life coursing into your body!
Pikel hits you with a +2 whip of electrocution.
* * * LOW HITPOINT WARNING * * *
Casting: Vampiric Draining (safe; 1% risk of failure)
Confirm with . or Enter, or press ? or * to list all spells.
Aiming: Vampiric Draining (safe; 1% risk of failure)
Press: ? - help, Shift-Dir - straight line, f/p - Pikel
Aim: Pikel, wielding a +2 whip of electrocution and wearing a +0 robe (severely wounded, lightly drained)
You draw life force from Pikel.
You feel life coursing into your body. Pikel is struck by your spines.
Pikel hits you with a +2 whip of electrocution.
* * * LOW HITPOINT WARNING * * *
You are electrocuted!
You die...

#.#####..######...
#.# ##..# #... #.#
#...#######.. #.#
#..###....... #.#
#..##...####. #.#
##..#.....###.
#.###.............
#K##..........###.
#@##.....#...## #.
#..g........## #.
####.....#### ##
#......# ####...#
#...# ##.## #.#
#.#########


You could see Pikel (drained) and a goblin.

Vanquished Creatures
  A water moccasin (D:4)
  Pargi (D:3)
  A lemure (D:4)
  Blork the orc (D:4)
  A necrophage (D:4)
  A scorpion (D:4)
  A hound (D:4)
  Jessica (D:3)
  Terence (D:3)
  8 adders
  3 gnolls (D:4)
  An ufetubus (D:5)
  A worm (D:2)
  3 dart slugs
  2 orcs
  5 bats
  5 endoplasms
  4 giant cockroaches
  12 goblins
  7 hobgoblins
  3 quokkas
  6 ball pythons
  3 frilled lizards
  11 kobolds
  7 rats
90 creatures vanquished.

Vanquished Creatures (collateral kills)
  A ball python (D:1)
1 creature vanquished.

Vanquished Creatures (others)
  4 plants (D:4)
4 creatures vanquished.

Grand Total: 95 creatures vanquished

Notes
Turn   | Place    | Note
-------+----------+-------------------------------------------
     0 | D:1      | brrrryyyyyynnnn the Demonspawn Necromancer began the quest
                  | for the Orb.
     0 | D:1      | Reached XP level 1. HP: 13/13 MP: 3/3
   316 | D:2      | Gained mutation: You are partially covered in thin metallic
                  | scales. (AC +2) [demonic ancestry]
   316 | D:2      | Reached XP level 2. HP: 8/19 MP: 1/5
   587 | D:2      | Found a hazy altar of Hepliaklqana.
   943 | D:2      | Reached skill level 5 in Necromancy
   971 | D:2      | Found Myoph's Book Boutique.
  1089 | D:1      | Gained mutation: You are partially covered in sharp spines.
                  | [demonic ancestry]
  1089 | D:1      | Reached XP level 3. HP: 24/24 MP: 1/6
  1139 | D:1      | Found Jeakopun's Antique Armour Shop.
  1278 | D:1      | Found Uramul's Weapon Shoppe.
  2146 | D:2      | Learned a level 3 spell: Vampiric Draining
  2205 | D:2      | Found a faded altar of an unknown god.
  2394 | D:3      | Reached XP level 4. HP: 26/30 MP: 5/8
  2489 | D:3      | Noticed Terence
  2500 | D:3      | Killed Terence
  2821 | D:3      | Noticed Jessica
  2826 | D:3      | Killed Jessica
  2877 | D:3      | Reached XP level 5. HP: 35/35 MP: 7/10
  2881 | D:3      | Noticed Pargi
  2897 | D:3      | Killed Pargi
  2898 | D:3      | Reached skill level 6 in Necromancy
  3205 | D:3      | You fall into a shaft and drop 2 floors!
  3205 | D:5      | Entered Level 5 of the Dungeon
  3236 | D:4      | Learned a level 4 spell: Animate Dead
  3289 | D:4      | Reached XP level 6. HP: 41/41 MP: 8/12
  3596 | D:4      | Reached skill level 7 in Necromancy
  3782 | D:4      | Found a bloodstained altar of Trog.
  4358 | D:5      | Noticed Edmund
  4832 | D:5      | Noticed Blork the orc
  4832 | D:5      | Noticed a water moccasin
  4845 | D:4      | Killed a water moccasin
  4846 | D:4      | Reached XP level 7. HP: 32/46 MP: 12/14
  4929 | D:4      | Killed Blork the orc
  4941 | D:4      | Reached skill level 8 in Necromancy
  5118 | D:5      | Noticed Pikel
  5236 | D:4      | HP: 2/46 [Pikel/+2 whip of electrocution (15)]
  5238 | D:4      | Mangled by Pikel

Illustrated notes

Levels and vault maps discovered:
D:1:      nicolae_arrival_somewhat_less_tricky_arrival, layout_basic,
          serial_shops, shop, nicolae_shop_bloodbath_and_beyond,
          minmay_three_crescents
D:2:      layout_loops_ring, serial_shops, shop_fountains,
          ebering_ecumenical_altar_box, basic_altar, minmay_bisected
D:3:      layout_loops_ring, hangedman_abyss_or_decor_lesser_grid, uniq_pargi,
          uniq_terence, uniq_jessica
D:4:      layout_loops_ring, trog_hazing_becter, serial_bayou_crossing
D:5:      layout_basic, uniq_edmund, uniq_pikel, uniq_blork_the_orc

Skill      XL: |  1  2  3  4  5  6  7 |
---------------+----------------------+-----
Necromancy     | 5 6 7 8 |  8.1
Spellcasting   | 3 4 |  4.9
Dodging        | |  1.7
Stealth        | |  1.7

Action                   |  1- 3 |  4- 6 |  7- 9 || total
-------------------------+-------+-------+-------++-------
Melee: Unarmed           |     7 |       |       ||     7
       Dagger            |    32 |    73 |    30 ||   135
       Punch             |     1 |     1 |     1 ||     3
 Cast: Necrotise         |    53 |    43 |     2 ||    98
       Vampiric Draining |     1 |     5 |     3 ||     9
 Stab: Sleeping          |       |     1 |       ||     1
Armor: Robe              |    12 |    32 |     9 ||    53
Dodge: Dodged            |    30 |    66 |    11 ||   107

Table legend: (Time is in decaauts)
 A = Elapsed time spent in this place.
 B = Non-inter-level travel time spent in this place.
 C = Inter-level travel time spent in this place.
 D = Time resting spent in this place.
 E = Time spent auto-exploring this place.
 F = Levels seen in this place.
 G = Mean time per level.
                   A        B        C        D        E       F      G
               +--------+--------+--------+--------+--------+-----+--------+
         Total |   5249 |   5072 |    177 |      0 |   4421 |   5 | 1049.8 |
       Dungeon |   5249 |   5072 |    177 |      0 |   4421 |   5 | 1049.8 |
               +--------+--------+--------+--------+--------+-----+--------+

Top non-repeatable levels by time:
     D:4: 1798 daAuts
     D:1: 1204 daAuts
     D:2: 1178 daAuts
     D:3: 1018 daAuts
     D:5: 50 daAuts
